 Dungeon Crawl Stone Soup version 0.27.1-2-g3b301248ec (webtiles) character file.

Game seed: 1807021134980275842

152 Rickety the Stinger (level 5, 0/37 HPs)
             Began as a Gnoll Venom Mage on Sept 24, 2021.
             Was an Initiate of Sif Muna.
             Splashed by a jelly's acid (8 damage)
             ... on level 2 of the Dungeon.
             The game lasted 00:06:28 (3205 turns).

Rickety the Stinger (Gnoll Venom Mage)              Turns: 3205, Time: 00:06:29

Health: 0/37       AC:  2    Str:  8    XL:     5   Next: 34%
Magic:  11/12      EV: 13    Int: 15    God:    Sif Muna [......]
Gold:   99         SH:  0    Dex: 12    Spells: 4/14 levels left

rFire    . . .     SeeInvis .   b - +0 quick blade
rCold    . . .     Faith    .   (no shield)
rNeg     . . .     Spirit   .   h - +0 robe
rPois    .         Reflect  .   (no helmet)
rElec    .         Harm     .   (no cloak)
rCorr    .         Rampage  .   (no gloves)
Will     .....                  (no boots)
Stlth    +++.......             (no amulet)
HPRegen  0.12/turn              (no ring)
MPRegen  0.13/turn              (no ring)

@: no status effects
A: fangs 1, strong nose, distributed training
a: Renounce Religion


You were on level 2 of the Dungeon.
You worshipped Sif Muna.
Sif Muna was noncommittal.
You visited 1 branch of the dungeon, and saw 2 of its levels.

You collected 99 gold pieces.

Inventory:

Hand Weapons
 a - a +3 dagger
 b - a +0 quick blade (weapon)
 i - a +0 rapier
Missiles
 f - 18 poisoned darts
 j - 2 atropa-tipped darts
Armour
 h - a +0 robe (worn)
Wands
 k - a wand of polymorph (4)
Scrolls
 c - 2 scrolls of amnesia {unknown}
 d - 2 scrolls of identify {unknown}
 g - 2 scrolls of teleportation {unknown}
 l - a scroll of enchant armour {unknown}
Potions
 e - 2 potions of haste


   Skills:
 + Level 1.4 Fighting
 + Level 1.4 Short Blades
 + Level 1.4 Long Blades
 + Level 1.4 Axes
 + Level 1.4 Maces & Flails
 + Level 1.4 Polearms
 + Level 1.4 Staves
 + Level 1.4 Slings
 + Level 1.4 Bows
 + Level 1.4 Crossbows
 + Level 1.4 Throwing
 + Level 1.4 Armour
 + Level 4.8 Dodging
 + Level 4.4 Stealth
 + Level 1.4 Shields
 + Level 1.4 Unarmed Combat
 + Level 5.2 Spellcasting
 + Level 1.1 Conjurations
 + Level 1.1 Hexes
 + Level 1.1 Summonings
 + Level 1.1 Necromancy
 + Level 1.1 Translocations
 + Level 2.4 Transmutations
 + Level 1.1 Fire Magic
 + Level 1.1 Ice Magic
 + Level 1.1 Air Magic
 + Level 1.1 Earth Magic
 + Level 5.5 Poison Magic
 + Level 1.6 Invocations
 + Level 1.4 Evocations


You had 4 spell levels left.
You knew the following spells:

 Your Spells              Type           Power      Damage    Failure   Level
a - Sting                 Tmut/Pois      60%        1d6       3%          1
m - Mephitic Cloud        Conj/Pois/Air  11%        N/A       16%         3
v - Poisonous Vapours     Pois/Air       28%        N/A       6%          2
x - Olgreb's Toxic Radia  Pois           20%        N/A       16%         4

Your spell library contained the following spells:

 Spells                   Type           Power      Damage    Failure   Level


Dungeon Overview and Level Annotations

Branches:
Dungeon (2/15)

Altars:
Sif Muna


Innate Abilities, Weirdness & Mutations

You have very sharp teeth.
Your uncanny sense of smell can sniff out nearby items.
Your experience applies equally to all skills.


Message History

Aim: a jelly (almost dead, very poisoned, 100% to hit)
The sting hits the jelly.
The jelly partially resists.
You kill the jelly!
Sif Muna accepts your kill.
You close the door.
You start resting.
You are no longer corroded.
You start resting.
Your extra speed is starting to run out.
You start resting.
You feel yourself slow down.
You start resting.
Magic restored.
You start resting.
You hear a slurping noise.
The jelly eats the door!
The jelly quivers.
You hit the jelly.
Your hands burn!
You bite the jelly, but do no damage.
The jelly is lightly wounded.
You hit the jelly.
Your hands burn!
The jelly is moderately wounded.
The jelly misses you.
Aiming: Sting (safe; 3% risk of failure)
Press: ? - help, Q - select action, (/) - cycle Shift-Dir - straight line, f - jelly
Aim: a jelly (moderately wounded, 100% to hit)
The sting hits the jelly.
The jelly is poisoned.
The jelly is moderately wounded.
The jelly hits you.
You are splashed with acid!
* * * LOW HITPOINT WARNING * * *
The jelly hits you but does no damage.
The jelly looks more healthy.
Aiming: Sting (safe; 3% risk of failure)
Press: ? - help, Q - select action, (/) - cycle Shift-Dir - straight line, f/p - jelly
Aim: a jelly (severely wounded, 100% to hit)
The sting hits the jelly.
The jelly partially resists.
The jelly is poisoned.
The jelly is severely wounded.
The jelly hits you.
* * * LOW HITPOINT WARNING * * *
You are splashed with acid!
You die...

##..####..#.## #.........
....##...###.####.######.#
###.....## ##...#.#######
# ####...###.##....))<..#
# ###..#.#####.####### #
#...## #.....#
#########.## ##')'##
..........# ##...##
...######## ##.@...##
_..######## #..J.)..#
.......<..# #.......# ∆
...######.# #.......# .###
#.# #.......# ...######.##
#....#### ##.....[...#
#.......## ##..#####.##
########.# ##..# #.##
##..)JJ.##


You could see a jelly (poisoned).

Vanquished Creatures
  A jelly (D:2)
  Natasha (twice) (D:2)
  2 adders (D:2)
  A worm (D:2)
  2 dart slugs (D:1)
  4 ball pythons
  4 endoplasms
  A giant cockroach (D:1)
  5 goblins
  3 hobgoblins
  3 jackals (D:1)
  4 bats
  4 frilled lizards
  8 kobolds
  7 rats (D:1)
51 creatures vanquished.

Vanquished Creatures (others)
  4 fungi (D:2)
  7 toadstools (D:2)
11 creatures vanquished.

Grand Total: 62 creatures vanquished

Notes
Turn   | Place    | Note
-------+----------+-------------------------------------------
     0 | D:1      | Rickety the Gnoll Venom Mage began the quest for the Orb.
     0 | D:1      | Reached XP level 1. HP: 13/13 MP: 6/6
   176 | D:1      | Reached XP level 2. HP: 14/19 MP: 2/7
   179 | D:1      | Learned a level 2 spell: Poisonous Vapours
  1064 | D:1      | Reached XP level 3. HP: 25/25 MP: 7/9
  1068 | D:1      | Learned a level 3 spell: Mephitic Cloud
  1164 | D:1      | Reached skill level 5 in Spellcasting
  1617 | D:2      | Found a shimmering blue altar of Sif Muna.
  1625 | D:2      | Became a worshipper of Sif Muna the Loreminder
  1642 | D:2      | Reached skill level 1 in Invocations
  1739 | D:2      | Found a faded altar of an unknown god.
  1896 | D:2      | Reached skill level 1 in Fighting
  1896 | D:2      | Reached skill level 1 in Short Blades
  1896 | D:2      | Reached skill level 1 in Long Blades
  1896 | D:2      | Reached skill level 1 in Axes
  1896 | D:2      | Reached skill level 1 in Maces & Flails
  1896 | D:2      | Reached skill level 1 in Polearms
  1896 | D:2      | Reached skill level 1 in Staves
  1896 | D:2      | Reached skill level 1 in Slings
  1896 | D:2      | Reached skill level 1 in Bows
  1896 | D:2      | Reached skill level 1 in Crossbows
  1896 | D:2      | Reached skill level 1 in Throwing
  1896 | D:2      | Reached skill level 1 in Armour
  1896 | D:2      | Reached skill level 1 in Shields
  1896 | D:2      | Reached skill level 1 in Unarmed Combat
  1896 | D:2      | Reached skill level 1 in Evocations
  2177 | D:2      | Reached XP level 4. HP: 32/32 MP: 9/11
  2183 | D:2      | Learned a level 4 spell: Olgreb's Toxic Radiance
  2324 | D:2      | Noticed Natasha
  2332 | D:2      | Killed Natasha
  2539 | D:2      | Noticed Natasha
  2546 | D:2      | Killed Natasha
  2547 | D:2      | Reached skill level 1 in Conjurations
  2547 | D:2      | Reached skill level 1 in Hexes
  2547 | D:2      | Reached skill level 1 in Summonings
  2547 | D:2      | Reached skill level 1 in Necromancy
  2547 | D:2      | Reached skill level 1 in Translocations
  2547 | D:2      | Reached skill level 1 in Fire Magic
  2547 | D:2      | Reached skill level 1 in Ice Magic
  2547 | D:2      | Reached skill level 1 in Air Magic
  2547 | D:2      | Reached skill level 1 in Earth Magic
  2844 | D:2      | Reached XP level 5. HP: 32/37 MP: 7/12
  3205 | D:2      | Splashed by a jelly's acid

Illustrated notes

Levels and vault maps discovered:
D:1:      dpeg_arrival_subterranean_lakeside_camping, layout_basic
D:2:      cheibrodos_fertilizer, layout_loops_ring, basic_altar,
          shapermc_ecumenical_altar_totnotflames, kennysheep_big_empty_room,
          uniq_natasha

Skill      XL: |  1  2  3  4 |
---------------+-------------+-----
Transmutations | 2 |  2.4
Spellcasting   | 5 |  5.2
Invocations    | 1 |  1.6
Fighting       | 1 |  1.4
Short Blades   | 1 |  1.4
Long Blades    | 1 |  1.4
Axes           | 1 |  1.4
Maces & Flails | 1 |  1.4
Polearms       | 1 |  1.4
Staves         | 1 |  1.4
Slings         | 1 |  1.4
Bows           | 1 |  1.4
Crossbows      | 1 |  1.4
Throwing       | 1 |  1.4
Armour         | 1 |  1.4
Shields        | 1 |  1.4
Unarmed Combat | 1 |  1.4
Evocations     | 1 |  1.4
Conjurations   | 1 |  1.1
Hexes          | 1 |  1.1
Summonings     | 1 |  1.1
Necromancy     | 1 |  1.1
Translocations | 1 |  1.1
Fire Magic     | 1 |  1.1
Ice Magic      | 1 |  1.1
Air Magic      | 1 |  1.1
Earth Magic    | 1 |  1.1
Dodging        | |  4.8
Stealth        | |  4.4
Poison Magic   | |  5.5

Action                   |  1- 3 |  4- 6 || total
-------------------------+-------+-------++-------
Melee: Dagger            |     9 |     4 ||    13
       Quick blade       |     9 |    14 ||    23
       Bite              |       |     3 ||     3
 Cast: Sting             |    41 |    25 ||    66
       Poisonous Vapours |    36 |     3 ||    39
       Mephitic Cloud    |       |     2 ||     2
  Use: Potion            |       |     1 ||     1
 Stab: Confused          |       |     1 ||     1
Armor: Robe              |     6 |     5 ||    11
Dodge: Dodged            |    16 |    10 ||    26
